 Dungeon Crawl Stone Soup version 0.30-a0-297-g0ec75d9ef4 (webtiles) character file.

Game seed: 1036271729431663746

308 LnG the Sneak (level 6, -2/35 HPs)
             Began as a Kobold Summoner on Oct 18, 2022.
             Slain by a gnoll
             ... wielding a +0 halberd
              (5 damage)
             ... on level 4 of the Dungeon on Oct 19, 2022.
             The game lasted 00:10:41 (4050 turns).

LnG the Sneak (Kobold Summoner)                     Turns: 4050, Time: 00:10:41

Health: -2/35      AC:  4    Str:  5    XL:     6   Next: 68%
Magic:  11/11      EV: 15    Int: 19    God:
Gold:   215        SH:  0    Dex: 15    Spells: 5/11 levels left

rFire   . . .      SeeInvis .    h - +2 short sword (speed)
rCold   . . .      Faith    .    (no shield)
rNeg    . . .      Spirit   .    a - +0 robe
rPois   .          Reflect  .    m - +0 helmet
rElec   .          Harm     .    i - +0 cloak
rCorr   .          Rampage  .    (no gloves)
Will    .....                    (no boots)
Stlth   ++++......               (no amulet)
HPRegen 0.25/turn                (no ring)
MPRegen 0.12/turn                (no ring)

@: no status effects
A: small, no large weapons, nightstalker 3
a: no special abilities


You were on level 4 of the Dungeon.
You visited 1 branch of the dungeon, and saw 4 of its levels.

You collected 215 gold pieces.

Inventory:

Hand Weapons
 h - a +2 short sword of speed (weapon)
Missiles
 p - 2 boomerangs of dispersal
Armour
 a - a +0 robe (worn)
 i - a +0 cloak (worn)
 m - a +0 helmet (worn)
Scrolls
 c - a scroll of acquirement {unknown}
 e - 2 scrolls of fear
 g - a scroll of noise {unknown}
 l - a scroll of immolation {unknown}
 n - 2 scrolls of magic mapping {unknown}
 q - a scroll of blinking {unknown}
 s - a scroll of identify {unknown}
Potions
 b - 2 potions of magic
 d - a potion of lignification {unknown}
 f - a potion of might {unknown}
 j - 3 potions of heal wounds {unknown}
 k - a potion of invisibility {unknown}
 o - 4 potions of curing {unknown}
 r - a potion of attraction {unknown}
 t - a potion of ambrosia {unknown}


   Skills:
 + Level 2.0 Fighting
 + Level 3.1 Short Blades
 + Level 3.2 Dodging
 + Level 5.2 Stealth
 + Level 3.3 Spellcasting
 + Level 4.8 Summonings


You had 5 spell levels left.
You knew the following spells:

 Your Spells              Type           Power      Damage    Failure   Level
a - Summon Small Mammal   Summ           84%        N/A       1%          1
b - Call Imp              Summ           21%        N/A       3%          2
c - Call Canine Familiar  Summ           21%        N/A       6%          3

Your spell library contained the following spells:

 Spells                   Type           Power      Damage    Failure   Level
 Summon Guardian Golem    Hex/Summ       12%        N/A       16%         3
 Sublimation of Blood     Necr           3%         N/A       22%         2
 Gell's Gravitas          Tloc           3%         N/A       41%         3
 Teleport Other           Tloc           3%         N/A       41%         3
 Summon Lightning Spire   Summ/Air       12%        N/A       47%         4
 Petrify                  Tmut/Erth      3%         N/A       82%         4
 Irradiate                Conj/Tmut      1%         3d12      99%         5
 Dispersal                Tloc           1%         N/A       100%        6


Dungeon Overview and Level Annotations

Branches:
Dungeon (4/15)
 Temple: D:4-7

Altars:
Uskayaw


Innate Abilities, Weirdness & Mutations

You are small and have problems with some larger weapons.
You are completely attuned to the shadows.


Message History

a +0 spear; a gnoll corpse You hit the gnoll.
The gnoll is moderately wounded.
You barely miss the gnoll.
The gnoll is moderately wounded.
The gnoll completely misses you. The gnoll misses you.
You hit the gnoll.
The gnoll is moderately wounded.
You hit the gnoll but do no damage.
The gnoll is moderately wounded.
The gnoll misses you. The gnoll closely misses you.
You hit the gnoll.
The gnoll is heavily wounded.
You hit the gnoll.
The gnoll is almost dead.
The gnoll hits you from afar with a +0 halberd.
The gnoll hits you with a +0 flail.
You hit the gnoll.
You kill the gnoll!
The gnoll hits you from afar with a +0 halberd!
Your Short Blades skill increases to level 3!
The gnoll hits you with a +0 halberd!
* * * LOW HITPOINT WARNING * * *
You are too injured to fight recklessly!
You are too injured to fight recklessly!
You are too injured to fight recklessly!
You are too injured to fight recklessly!
You barely miss the gnoll. You barely miss the gnoll.
The gnoll barely misses you.
You closely miss the gnoll. You hit the gnoll.
The gnoll is moderately wounded.
The gnoll hits you with a +0 halberd.
* * * LOW HITPOINT WARNING * * *
You closely miss the gnoll.
The gnoll is moderately wounded.
You hit the gnoll but do no damage.
The gnoll is moderately wounded.
The gnoll hits you with a +0 halberd.
You die...

#.. #.. #.. #..
#.. #.. ## ##.
##g### #. #..@)#
.# ##.
#.##)####?# #.. #
#)...#.###### #..
####.#......###..
#..# #......
##.## #)...#.
#..# #....#.
##.####......
####...##....#.


You could see a gnoll.

Vanquished Creatures
  An iguana (D:4)
  An orc wizard (D:4)
  Natasha (thrice) (D:2)
  3 gnolls (D:4)
  3 adders
  2 worms
  2 dart slugs
  5 orcs (D:4)
  5 endoplasms
  A giant cockroach (D:3)
  A goblin (D:2)
  7 hobgoblins
  3 jackals (D:1)
  6 kobolds
  A quokka (D:1)
  5 ball pythons
  5 bats
  3 frilled lizards
  2 rats
59 creatures vanquished.

Vanquished Creatures (collateral kills)
  4 gnolls
  A dart slug (D:1)
  3 bats
  An endoplasm (D:1)
  2 goblins (D:1)
  A hobgoblin (D:1)
  A quokka (D:1)
  A frilled lizard (D:1)
  2 kobolds (D:1)
16 creatures vanquished.

Grand Total: 75 creatures vanquished

Notes
Turn   | Place    | Note
-------+----------+-------------------------------------------
     0 | D:1      | LnG the Kobold Summoner began the quest for the Orb.
     0 | D:1      | Reached XP level 1. HP: 10/10 MP: 3/3
   244 | D:1      | Reached XP level 2. HP: 15/15 MP: 3/5
   247 | D:1      | Learned a level 2 spell: Call Imp
   822 | D:1      | Reached skill level 3 in Stealth
   923 | D:1      | Reached XP level 3. HP: 19/19 MP: 6/6
   930 | D:1      | Learned a level 3 spell: Call Canine Familiar
  1327 | D:2      | Found a faded altar of an unknown god.
  1327 | D:2      | Noticed a golden eye
  1327 | D:2      | Noticed a shining eye
  1336 | D:2      | Reached XP level 4. HP: 8/24 MP: 4/8
  1465 | D:2      | Noticed a shining eye
  1481 | D:2      | Noticed an eye of devastation
  1492 | D:2      | Reached skill level 1 in Short Blades
  1842 | D:2      | Reached skill level 4 in Stealth
  1944 | D:2      | Reached XP level 5. HP: 22/28 MP: 9/9
  2073 | D:2      | Noticed Natasha
  2081 | D:2      | Killed Natasha
  2387 | D:2      | Noticed Natasha
  2398 | D:2      | Killed Natasha
  2603 | D:2      | Noticed Natasha
  2613 | D:2      | Killed Natasha
  2675 | D:3      | Found a hide-covered altar of Uskayaw.
  2744 | D:3      | Reached skill level 1 in Fighting
  2744 | D:3      | Reached XP level 6. HP: 34/34 MP: 11/11
  3841 | D:4      | Reached skill level 5 in Stealth
  4050 | D:4      | Slain by a gnoll

Illustrated notes

Levels and vault maps discovered:
D:1:      lemuel_arrival_rhombus, layout_basic
D:2:      layout_basic, hellmonk_ecumenical_altar_watching_god, uniq_natasha
D:3:      layout_basic, mainiacjoe_overflow_tiny_flanked
D:4:      layout_rooms

Skill      XL: |  1  2  3  4  5  6 |
---------------+-------------------+-----
Stealth        | 3 4 5 |  5.2
Spellcasting   | 3 |  3.3
Short Blades   | 1 3 |  3.1
Dodging        | 3 |  3.2
Fighting       | 1 2 |  2.0
Summonings     | |  4.8

Action                   |  1- 3 |  4- 6 || total
-------------------------+-------+-------++-------
Melee: Unarmed           |     3 |       ||     3
       Dagger            |    41 |       ||    41
       Short sword       |    30 |   173 ||   203
       Punch             |       |     1 ||     1
 Cast: Summon Small Mamm |    17 |     2 ||    19
       Call Imp          |     4 |       ||     4
       Call Canine Famil |     2 |     2 ||     4
  Use: Scroll            |       |     1 ||     1
 Stab: Sleeping          |     7 |    15 ||    22
Armor: Robe              |    17 |     9 ||    26
Dodge: Dodged            |    71 |    69 ||   140

Table legend: (Time is in decaauts)
 A = Elapsed time spent in this place.
 B = Non-inter-level travel time spent in this place.
 C = Inter-level travel time spent in this place.
 D = Time resting spent in this place.
 E = Time spent auto-exploring this place.
 F = Levels seen in this place.
 G = Mean time per level.
                   A        B        C        D        E       F      G
               +--------+--------+--------+--------+--------+-----+--------+
         Total |   3978 |   3834 |    144 |    399 |   2726 |   4 |  994.5 |
       Dungeon |   3978 |   3834 |    144 |    399 |   2726 |   4 |  994.5 |
               +--------+--------+--------+--------+--------+-----+--------+

Top non-repeatable levels by time:
     D:2: 1317 daAuts
     D:1: 1275 daAuts
     D:3: 1021 daAuts
     D:4: 364 daAuts
